 Dungeon Crawl Stone Soup version 0.20.0-15-g7f486f2 (webtiles) character file.

90 Benis312 the Firebug (level 4, -5/33 HPs)
             Began as a Demigod Fire Elementalist on June 21, 2017.
             Killed from afar by an orc (38 damage)
             ... with an exploding inner flame
             ... hexed by the player character
             ... on level 3 of the Dungeon.
             The game lasted 00:24:56 (2533 turns).

Benis312 the Firebug (Demigod Fire Elementalist)    Turns: 2533, Time: 00:24:57

Health: -5/33      AC:  2    Str: 11    XL:     4   Next: 11%
Magic:  4/10       EV: 13    Int: 21    God:
Gold:   161        SH:  0    Dex: 16    Spells: 1/7 levels left

rFire    . . .     SeeInvis +   q - +2 whip (elec)
rCold    + . .     Gourm    .   (no shield)
rNeg     . . .     Faith    .   a - +0 robe
rPois    .         Spirit   .   (no helmet)
rElec    .         Reflect  .   (no cloak)
rCorr    .         Harm     .   (no gloves)
MR       .....                  (no boots)
Stlth    +++.......             (no amulet)
Regen    0.2/turn               d - ring of see invisible
MPRegen  0.2/turn               (no ring)

@: no status effects
A: camouflage 1, cold resistance 1, high mp 1
a: no special abilities


You were on level 3 of the Dungeon.
You were not hungry.

You visited 1 branch of the dungeon, and saw 3 of its levels.

You collected 161 gold pieces.

Inventory:

Hand Weapons
 j - a +2 short sword of protection
 l - a +0 dagger of speed
 q - a +2 whip of electrocution (weapon)
Armour
 a - a +0 robe (worn)
Jewellery
 d - a ring of see invisible (left hand)
Wands
 k - a wand of lightning (9/15)
Scrolls
 f - a scroll of remove curse
 m - a scroll of recharging {unknown}
 o - 2 scrolls of teleportation
 s - a scroll of immolation {unknown}
 w - a scroll of fog {unknown}
Potions
 e - a potion of lignification {unknown}
 h - a potion of might
 n - a potion of heal wounds
 p - a potion of ambrosia {unknown}
 r - a potion of agility
 t - a potion of flight {unknown}
 x - 2 potions of brilliance {unknown}
Books
 b - a book of Flames

   Spells                             Type                      Level
   a - Flame Tongue                   Conjuration/Fire             1
   b - Throw Flame                    Conjuration/Fire             2
   c - Conjure Flame                  Conjuration/Fire             3
   d - Inner Flame                    Hexes/Fire                   3
   e - Sticky Flame                   Conjuration/Fire             4
   f - Fireball                       Conjuration/Fire             5
Comestibles
 c - a bread ration
 g - a royal jelly
 i - a meat ration
 u - 4 fruits
 v - 4 chunks of flesh


   Skills:
 + Level 0.1 Fighting
 + Level 0.5 Short Blades
 + Level 0.3 Armour
 + Level 2.3 Dodging
 + Level 2.1 Stealth
 + Level 2.3 Spellcasting
 + Level 1.6 Conjurations
 + Level 3.2 Fire Magic


You had one spell level left.
You knew the following spells:

 Your Spells              Type           Power        Failure   Level  Hunger
a - Flame Tongue          Conj/Fire      ##...        5%          1    #......
b - Throw Flame           Conj/Fire      ##....       8%          2    ##.....
c - Inner Flame           Hex/Fire       #.......     22%         3    ###....


Dungeon Overview and Level Annotations

Branches:
Dungeon (3/15)


Innate Abilities, Weirdness & Mutations

You have an increased reservoir of magic. (+10% MP)
Your skin changes colour to match your surroundings (Stealth+).
Your flesh is cold resistant. (rC+)


Message History

There is an escape hatch in the ceiling here.
An orc comes into view.
The orc moves out of view.
An orc and an orc priest come into view.
The orc shouts!
Casting: Throw Flame
Confirm with . or Enter, or press ? or * to list all spells.
Aiming: Inner Flame
Press: ? - help, Shift-Dir - straight line, f - orc
Aim: an orc, wielding a club (hasn't noticed you, chance to defeat MR: 73%)
The orc is filled with an inner flame.
The orc shouts!
The orc closely misses you. The orc barely misses you.
You barely miss the orc. The orc barely misses you.
You hit the orc. Lightning courses through the orc!
The orc explodes!
The fiery explosion engulfs you!
Ouch! That really hurt!
You die...

* *,*,#.# #.# #. *
***,*,#.# #.# #. *
*,,,*,#.# #.# #.
**********,***,#.# #.#
## ,,,,,,,,,,,,,,,#.#
#.# ,*********,****#.#
#.# ,*,,,,,,,,,,,,,#.#
*,* ,*,*********,*,#.#
*,* ,*,* *,,,,,*,#@# *,*
,*,* *,*****,#.# *,*
,*,* *,,,,,,,#ยง# *,*
,*,******#######o# *,*
,*,,,,,,,..oo..o.# *,*
,********######### *,*
,* *,* ,* *,*
,*********************,*


You could see an orc priest and an orc.

Vanquished Creatures
  2 adders (D:2)
  An ooze (D:2)
  A worm (D:2)
  2 dart slugs
  A leopard gecko (D:2)
  2 orcs (D:3)
  4 giant cockroaches
  7 goblins
  10 hobgoblins
  6 kobolds
  A quokka (D:3)
  3 ball pythons
  6 bats
  5 frilled lizards
  4 rats
  A fungus (D:2)
  3 plants (D:2)
59 creatures vanquished.

Notes
Turn   | Place    | Note
-------+----------+-------------------------------------------
     0 | D:1      | Benis312 the Demigod Fire Elementalist began the quest for the Orb.
     0 | D:1      | Reached XP level 1. HP: 14/14 MP: 5/5
   281 | D:1      | Reached skill level 1 in Conjurations
   694 | D:1      | Reached skill level 3 in Fire Magic
   737 | D:1      | Reached XP level 2. HP: 19/20 MP: 1/7
  1166 | D:2      | Learned a level 2 spell: Throw Flame
  1185 | D:2      | Reached XP level 3. HP: 22/26 MP: 0/8
  1396 | D:2      | Found a glowing silver altar of Zin.
  1396 | D:2      | Found a stormy altar of Qazlal.
  1559 | D:2      | Learned a level 3 spell: Inner Flame
  1861 | D:2      | Found a sacrificial altar of Ru.
  2180 | D:3      | Gained mutation: You have a pair of small horns on your head. [potion of mutation]
  2180 | D:3      | Gained mutation: You are dopey. (Int -2) [potion of mutation]
  2180 | D:3      | Gained mutation: You are partially covered in slimy green scales. (AC +2) [potion of mutation]
  2181 | D:3      | Lost mutation: You have a pair of small horns on your head. [potion of mutation]
  2181 | D:3      | Lost mutation: You are dopey. (Int -2) [potion of mutation]
  2181 | D:3      | Gained mutation: You tend to lose your temper in combat. [potion of mutation]
  2181 | D:3      | Gained mutation: You are partially covered in molten scales. (AC +2) [potion of mutation]
  2182 | D:3      | Lost mutation: You tend to lose your temper in combat. [potion of mutation]
  2182 | D:3      | Lost mutation: You are partially covered in molten scales. (AC +2) [potion of mutation]
  2182 | D:3      | Lost mutation: You are partially covered in slimy green scales. (AC +2) [potion of mutation]
  2182 | D:3      | Gained mutation: Your skin changes colour to match your surroundings (Stealth+). [potion of mutation]
  2182 | D:3      | Gained mutation: Your flesh is cold resistant. (rC+) [potion of mutation]
  2317 | D:3      | Reached XP level 4. HP: 33/33 MP: 4/10
  2533 | D:3      | Killed from afar by an orc

Skill      XL: |  1  2  3 |
---------------+----------+-----
Conjurations   | 1 |  1.6
Fire Magic     | 3 |  3.2
Dodging        | 2 |  2.3
Stealth        | 2 |  2.1
Spellcasting   | 2 |  2.3
Fighting       | |  0.1
Short Blades   | |  0.5
Armour         | |  0.3

Action                   |  1- 3 |  4- 6 || total
-------------------------+-------+-------++-------
Melee: Dagger            |    23 |       ||    23
       Short sword       |     7 |       ||     7
       Whip              |    48 |     3 ||    51
 Cast: Flame Tongue      |    34 |     2 ||    36
       Throw Flame       |    22 |     5 ||    27
       Inner Flame       |     3 |     3 ||     6
  Use: Scroll            |     9 |       ||     9
       Potion            |     7 |       ||     7
  Eat: Royal jelly       |     1 |       ||     1
       Bread ration      |     1 |     1 ||     2
Armor: Ring mail         |    21 |       ||    21
       Robe              |     8 |       ||     8
Dodge: Dodged            |    63 |     4 ||    67
